 Dungeon Sprint DCSS version 0.21.1-1-g345015f (webtiles) character file.

3700000 Fang the Axe Maniac (level 21, -24/224 HPs)
             Began as a Minotaur Gladiator on May 21, 2018.
             Was the Champion of Makhleb.
             Annihilated by a meat berserker
             ... wielding a +9 battleaxe
              (42 damage)
             ... in the Dungeon (Sprint VIII: "Arena of Blood").
             The game lasted 00:00:37 (37 turns).

Fang the Axe Maniac (Minotaur Gladiator)              Turns: 37, Time: 00:00:38

Health: -24/224    AC:  6    Str: 27    XL:     21   Next: 64%
Magic:  19/47      EV: 31    Int:  5    God:    Makhleb [******]
Gold:   0          SH:  0    Dex: 14    Spells: 67/67 levels left

rFire    . . .     SeeInvis .   l - +∞ Axe of Woe
rCold    . . .     Gourm    .   (shield currently unavailable)
rNeg     . . .     Faith    .   b - +0 leather armour
rPois    .         Spirit   .   c - +0 hat
rElec    .         Reflect  .   (no cloak)
rCorr    .         Harm     .   (no gloves)
MR       +....     NoTele   +   (no boots)
Stlth    +++++++++.             (no amulet)
HPRegen  0.47/turn              m - +30 ring of slaying
MPRegen  0.30/turn              (no ring)

@: no status effects
A: retaliatory headbutt, horns 2
a: Minor Destruction, Lesser Servant of Makhleb, Major Destruction, Greater
Servant of Makhleb, Renounce Religion


You were in the Dungeon.
You worshipped Makhleb.
Makhleb was exalted by your worship.
You were not hungry.

You visited 1 branch

Inventory:

Hand Weapons
 a - a +0 war axe
 l - the +∞ Axe of Woe (weapon)
   (You found it in the Dungeon)
Missiles
 d - 3 throwing nets (quivered)
Armour
 b - a +0 leather armour (worn)
 c - a +0 hat (worn)
Jewellery
 m - a +30 ring of slaying (left hand)
Scrolls
 k - a scroll of blinking
Potions
 e - a potion of curing
 h - a potion of haste
 i - 2 potions of magic
 j - a potion of berserk rage
Comestibles
 f - a ration


   Skills:
 O Level 27 Fighting
 O Level 27 Axes
 O Level 27 Throwing
 O Level 27 Armour
 O Level 27 Dodging
 O Level 27 Stealth
 O Level 27 Unarmed Combat
 + Level 23.9 Spellcasting
 O Level 27 Invocations


You had 67 spell levels left.
You didn't know any spells.

Dungeon Overview and Level Annotations

Branches:
Dungeon (1/1)

Altars:
Makhleb


Innate Abilities, Weirdness & Mutations

You reflexively headbutt those who attack you in melee.
You have a pair of horns on your head.


Message History

* * * LOW HITPOINT WARNING * * *
Makhleb accepts your kill.
You feel better.
Your Spellcasting skill increases to level 23!
You are engulfed in blazing flames.
* * * LOW HITPOINT WARNING * * *
You hear a shout! x3
The bag of meat is engulfed in blazing flames. x2
The eight-headed meat hydra calls on the powers of darkness!
The eight-headed meat hydra convulses!
Your body is wracked with pain!
* * * LOW HITPOINT WARNING * * *
The meat berserker convulses!
The bag of meat convulses! x2
The bag of meat is engulfed in blazing flames.
You hear a shout! x4
You feel much better.
You are engulfed in blazing flames.
* * * LOW HITPOINT WARNING * * *
You hear a shout!
The meat berserker is engulfed in blazing flames.
The meat berserker hits you with a +9 battleaxe!!!
You die...

..... .. #... .#
#... #... ..#
....###... ..###.
..O.....D###......
.#........_......
.......#.....#
.......#_.<._#
......)#@§...#...
.#....)O§§_......
......))o###......
....###)oo....###.
... #..§....# .
#.......#
.....oV..
........o.
........o.


You could see an eight-headed meat hydra, a meat berserker (berserk) and 3 bags
of meat.

Vanquished Creatures
  A vampire knight (D)
  6 ogres (D)
  2 two-headed ogres (D)
  18 orcs (D)
27 creatures vanquished.

Notes
Turn   | Place    | Note
-------+----------+-------------------------------------------
     0 | D        | Found the +∞ Axe of Woe
     0 | D        | Fang the Minotaur Gladiator began the quest for the Orb.
     0 | D        | Reached XP level 1. HP: 18/18 MP: 0/0
     3 | D        | Noticed a bag of meat
     3 | D        | Noticed a bag of meat
     4 | D        | Became a worshipper of Makhleb the Destroyer
     5 | D        | Killed a bag of meat
     5 | D        | Reached XP level 2. HP: 42/42 MP: 1/1
     5 | D        | Reached XP level 3. HP: 49/49 MP: 2/2
     5 | D        | Reached XP level 4. HP: 57/57 MP: 3/3
     5 | D        | Reached XP level 5. HP: 63/63 MP: 4/4
     5 | D        | Reached XP level 6. HP: 71/71 MP: 5/5
     5 | D        | Reached XP level 7. HP: 78/78 MP: 6/6
     5 | D        | Reached XP level 8. HP: 85/85 MP: 7/7
     5 | D        | Reached XP level 9. HP: 91/91 MP: 8/8
     5 | D        | Reached XP level 10. HP: 99/99 MP: 9/9
     5 | D        | Reached XP level 11. HP: 105/105 MP: 10/10
     7 | D        | Noticed a bag of meat
     8 | D        | Noticed a bag of meat
     8 | D        | Noticed a bag of meat
    12 | D        | Noticed a meat berserker
    12 | D        | Noticed a bag of meat
    13 | D        | Noticed a bag of meat
    13 | D        | Noticed a bag of meat
    13 | D        | Killed a meat berserker
    13 | D        | Reached * piety under Makhleb
    13 | D        | Reached skill level 15 in Fighting
    13 | D        | Reached XP level 12. HP: 121/121 MP: 11/11
    13 | D        | Reached XP level 13. HP: 127/127 MP: 12/12
    14 | D        | Noticed a meat berserker
    14 | D        | Noticed a meat berserker
    14 | D        | Noticed a bag of meat
    14 | D        | Noticed a bag of meat
    15 | D        | Noticed a bag of meat
    15 | D        | Killed a bag of meat
    15 | D        | Reached skill level 27 in Axes
    15 | D        | Reached XP level 14. HP: 71/138 MP: 13/13
    15 | D        | Killed a bag of meat
    15 | D        | Reached skill level 1 in Armour
    15 | D        | Killed a bag of meat
    15 | D        | Reached ** piety under Makhleb
    15 | D        | Reached skill level 27 in Dodging
    15 | D        | Reached XP level 15. HP: 80/155 MP: 14/14
    15 | D        | Noticed a large bag of meat
    16 | D        | Noticed a meat berserker
    17 | D        | Reached skill level 5 in Armour
    18 | D        | Noticed a meat berserker
    19 | D        | Killed a meat berserker
    19 | D        | Reached *** piety under Makhleb
    19 | D        | Reached skill level 27 in Fighting
    19 | D        | Reached XP level 16. HP: 143/183 MP: 15/15
    19 | D        | Killed a meat berserker
    19 | D        | Reached skill level 27 in Throwing
    19 | D        | Reached XP level 17. HP: 191/191 MP: 16/16
    20 | D        | Killed a meat berserker
    20 | D        | Reached **** piety under Makhleb
    20 | D        | Reached skill level 27 in Armour
    20 | D        | Reached skill level 10 in Unarmed Combat
    20 | D        | Reached skill level 10 in Invocations
    20 | D        | Reached XP level 18. HP: 200/200 MP: 16/27
    21 | D        | Reached skill level 15 in Unarmed Combat
    21 | D        | Reached skill level 10 in Spellcasting
    22 | D        | Reached ***** piety under Makhleb
    22 | D        | Reached skill level 15 in Invocations
    23 | D        | Killed a meat berserker
    23 | D        | Reached XP level 19. HP: 207/207 MP: 16/35
    24 | D        | Killed a large bag of meat
    24 | D        | Reached skill level 15 in Spellcasting
    25 | D        | Noticed a meat berserker
    25 | D        | Noticed a large bag of meat
    26 | D        | Noticed a destroyer
    27 | D        | Reached XP level 20. HP: 216/216 MP: 17/39
    27 | D        | Killed a destroyer
    29 | D        | Reached ****** piety under Makhleb
    29 | D        | Reached skill level 27 in Unarmed Combat
    30 | D        | Noticed a destroyer
    30 | D        | Killed a meat berserker
    30 | D        | Reached skill level 27 in Invocations
    30 | D        | Reached XP level 21. HP: 224/224 MP: 17/44
    33 | D        | Reached skill level 27 in Stealth
    36 | D        | Killed a large bag of meat
    37 | D        | Annihilated by a meat berserker

Skill      XL: |  1  2  3  4  5  6  7  8  9 10 11 12 13 14 15 16 17 18 19 20 21 |
---------------+----------------------------------------------------------------+-----
Fighting       | 12 15 16 20 27 | 27.0
Axes           | 20 25 27 | 27.0
Throwing       | 9 12 13 16 24 27 | 27.0
Dodging        | 18 22 24 27 | 27.0
Armour         | 2 8 17 27 | 27.0
Stealth        | 9 16 20 25 27 | 27.0
Unarmed Combat | 10 19 23 27 | 27.0
Spellcasting   | 7 13 16 20 23 | 23.9
Invocations    | 10 18 22 27 | 27.0

Action                   |  1- 3 |  4- 6 |  7- 9 | 10-12 | 13-15 | 16-18 | 19-21 || total
-------------------------+-------+-------+-------+-------+-------+-------+-------++-------
Melee: Executioner's axe |     1 |       |       |     1 |     4 |     4 |     9 ||    19
  Use: Potion            |       |       |       |       |       |       |     1 ||     1
